 Dungeon Crawl Stone Soup version 0.30-a0-389-g8d7d949f56 (webtiles) character file.

Game seed: 2790412574888878230

963 funkygono the Firebug (level 7, 0/46 HPs)
             Began as a Demonspawn Fire Elementalist on Dec 3, 2022.
             Slain by a gnoll bouda
             ... wielding a +0 whip
              (7 damage)
             ... on level 5 of the Dungeon.
             The game lasted 00:08:59 (4595 turns).

funkygono the Firebug (DsFE)                        Turns: 4595, Time: 00:09:00

Health: 0/46       AC:  5    Str:  8    XL:     7   Next: 92%
Magic:  1/15       EV: 16    Int: 24    God:
Gold:   254        SH:  0    Dex: 14    Spells: 6/17 levels left

rFire   . . .      SeeInvis .    B - +1 whip (pain)
rCold   . . .      Faith    .    (no shield)
rNeg    . . .      Spirit   .    a - +0 robe
rPois   .          Reflect  .    (helmet restricted)
rElec   .          Harm     .    u - +2 cloak
rCorr   .          Rampage  .    (no gloves)
Will    .....                    (no boots)
Stlth   ++........               w - amulet of magic regeneration
HPRegen 1.27/turn                q - +4 ring of evasion
MPRegen 0.54/turn                x - +6 ring of intelligence

@: weakened
A: horns 1, powered by death 2
a: no special abilities


You were on level 5 of the Dungeon.
You visited 1 branch of the dungeon, and saw 6 of its levels.

You collected 254 gold pieces.

Inventory:

Hand Weapons
 d - a +0 whip
 t - a +3 quarterstaff of chaos
 B - a +1 whip of pain (weapon)
Armour
 a - a +0 robe (worn)
 u - a +2 cloak (worn)
 z - a +2 scale mail of cold resistance
Jewellery
 q - a +4 ring of evasion (left hand)
 s - an amulet of reflection
 w - an amulet of magic regeneration (around neck)
 x - a +6 ring of intelligence (right hand)
 E - a ring of willpower
Wands
 C - a wand of flame (15)
Scrolls
 c - a scroll of brand weapon {unknown}
 e - 3 scrolls of enchant weapon {unknown}
 f - a scroll of noise {unknown}
 i - 3 scrolls of fear {unknown}
 j - 8 scrolls of identify {unknown}
 k - 3 scrolls of teleportation {unknown}
 l - 2 scrolls of amnesia {unknown}
 o - 2 scrolls of magic mapping {unknown}
 p - a scroll of silence {unknown}
 r - a scroll of acquirement {unknown}
 y - a scroll of vulnerability {unknown}
Potions
 b - a potion of magic
 g - a potion of cancellation {unknown}
 h - 3 potions of haste {unknown}
 m - a potion of resistance {unknown}
 n - a potion of attraction {unknown}
 v - 2 potions of curing {unknown}
 A - a potion of degeneration {unknown}
 D - 2 potions of heal wounds {unknown}


   Skills:
 + Level 0.1 Fighting
 + Level 0.1 Maces & Flails
 + Level 2.5 Dodging
 - Level 1.7 Stealth
 + Level 5.5 Spellcasting
 + Level 4.1 Conjurations
 + Level 5.5 Fire Magic


You had 6 spell levels left.
You knew the following spells:

 Your Spells              Type           Power      Damage    Failure   Level
a - Foxfire               Conj/Fire      100%       2x1d9     1%          1
b - Scorch                Fire           66%        2d8       1%          2
c - Kindle Blastsparks    Fire/Tloc/Air  30%        2d12      12%         3
d - Flame Wave            Conj/Fire      29%        2d9       12%         4
e - Sting                 Tmut/Pois      24%        1d4       9%          1

Your spell library contained the following spells:

 Spells                   Type           Power      Damage    Failure   Level
 Inner Flame              Hex/Fire       20%        N/A       8%          3
 Summon Small Mammal      Summ           24%        N/A       9%          1
 Poisonous Vapours        Pois/Air       12%        N/A       13%         2
 Call Canine Familiar     Summ           6%         N/A       26%         3
 Summon Guardian Golem    Hex/Summ       6%         N/A       26%         3
 Olgreb's Toxic Radiance  Pois           6%         N/A       63%         4


Dungeon Overview and Level Annotations

Branches:
Dungeon (6/15)
 Temple: D:4-7

Altars:
Hepliaklqana
Nemelex Xobeh


Innate Abilities, Weirdness & Mutations

You have a pair of small horns on your head.
You regenerate health from kills.


Message History

Unknown command.
Casting: Foxfire (safe; 1% risk of failure)
Confirm with . or Enter, or press ? or * to list all spells.
You conjure some foxfire!
The foxfire hits the gnoll.
You kill the gnoll!
The foxfire hits the gnoll bouda.
The gnoll bouda completely resists.
The gnoll bouda is almost dead.
The gnoll bouda barely misses you.
The gnoll bouda attacks as you move away!
The gnoll bouda hits you with a +0 whip!
* * * LOW HITPOINT WARNING * * *
The foxfire hits the gnoll bouda but does no damage.
The gnoll bouda is almost dead.
You see here a +0 flail.
You hit the gnoll bouda but do no damage.
The gnoll bouda is almost dead.
The gnoll bouda gazes fiercely through you!
You feel your attacks grow feeble.
The gnoll bouda hits you with a +0 whip.
* * * LOW HITPOINT WARNING * * *
Casting: Foxfire (safe; 1% risk of failure)
Confirm with . or Enter, or press ? or * to list all spells.
You conjure some foxfire!
The gnoll bouda hits you with a +0 whip!
* * * LOW HITPOINT WARNING * * *
Unknown command.
You closely miss the gnoll bouda.
You headbutt the gnoll bouda, but do no damage.
The gnoll bouda is almost dead.
The foxfire hits the gnoll bouda but does no damage.
The gnoll bouda is almost dead.
The foxfire hits the gnoll bouda.
The gnoll bouda resists.
The gnoll bouda is almost dead.
The gnoll bouda prays to its god.
The gnoll bouda is healed somewhat.
Casting: Foxfire (safe; 1% risk of failure)
Confirm with . or Enter, or press ? or * to list all spells.
You conjure some foxfire!
The gnoll bouda hits you with a +0 whip!
You die...

### #.## ###..######
#ยง........#########
#.@v..............#
#>gv...............
#.................#
#.................#
#.................#
#..................
#..................
#######...........#
##..........#


You could see a gnoll bouda (ally target).

Vanquished Creatures
  A black bear (D:5)
  An ogre (D:6)
  A phantom (D:4)
  2 necrophages
  A howler monkey (D:5)
  4 orc priests
  A jelly (D:5)
  A hound (D:5)
  Crazy Yiuf (D:3)
  3 orc wizards
  5 gnolls
  11 adders
  A white imp (D:6)
  3 worms
  A dart slug (D:2)
  24 orcs
  12 endoplasms
  3 giant cockroaches
  8 goblins
  5 hobgoblins
  4 quokkas
  4 ball pythons
  3 bats
  3 frilled lizards
  4 kobolds
  12 rats
119 creatures vanquished.

Vanquished Creatures (others)
  368 foxfires
  17 plants (D:4)
385 creatures vanquished.

Grand Total: 504 creatures vanquished

Notes
Turn   | Place    | Note
-------+----------+-------------------------------------------
     0 | D:1      | funkygono the Demonspawn Fire Elementalist began the quest
                  | for the Orb.
     0 | D:1      | Reached XP level 1. HP: 13/13 MP: 3/3
   310 | D:1      | Gained mutation: You regenerate a little health from kills.
                  | [demonic ancestry]
   310 | D:1      | Reached XP level 2. HP: 14/19 MP: 0/5
   313 | D:1      | Learned a level 2 spell: Scorch
  1044 | D:2      | Reached XP level 3. HP: 24/24 MP: 2/6
  1048 | D:2      | Learned a level 3 spell: Kindle Blastsparks
  1496 | D:2      | Reached XP level 4. HP: 30/30 MP: 4/8
  2147 | D:3      | Found a sparkling altar of Nemelex Xobeh.
  2560 | D:3      | Noticed a necrophage
  2567 | D:3      | Killed a necrophage
  2568 | D:3      | Gained mutation: You have a pair of small horns on your
                  | head. [demonic ancestry]
  2568 | D:3      | Reached XP level 5. HP: 28/35 MP: 2/10
  2794 | D:3      | Found a runed translucent door.
  2795 | D:3      | Noticed Crazy Yiuf
  3105 | D:3      | Found a faded altar of an unknown god.
  3297 | D:3      | Killed Crazy Yiuf
  3314 | D:3      | Learned a level 4 spell: Flame Wave
  3435 | D:4      | Noticed a phantom
  3440 | D:4      | Killed a phantom
  3441 | D:4      | Gained mutation: You regenerate health from kills. [demonic
                  | ancestry]
  3441 | D:4      | Reached XP level 6. HP: 41/41 MP: 5/11
  3829 | D:4      | Found a hazy altar of Hepliaklqana.
  4121 | D:4      | Learned a level 1 spell: Sting
  4226 | D:5      | Entered Level 5 of the Dungeon
  4232 | D:5      | Reached XP level 7. HP: 46/46 MP: 11/13
  4305 | D:5      | Reached skill level 5 in Fire Magic
  4334 | D:5      | Reached skill level 5 in Spellcasting
  4595 | D:5      | Slain by a gnoll bouda

Illustrated notes

Levels and vault maps discovered:
D:1:      doesnt_arrival_eight_statues, layout_basic
D:2:      cheibrodos_helix_gallery, layout_basic
D:3:      layout_basic, lemuel_crystal_altar,
          hellmonk_ecumenical_altar_lost_god, uniq_crazy_yiuf_cottage
D:4:      layout_basic, nicolae_hepliaklqana_hazy_memory, zin_treasury
D:5:      layout_rooms
D:6:      minmay_recursive_quarters, layout_rooms,
          amethyst_overflow_temple_binary, nicolae_overflow_crystal_walls,
          mainiacjoe_overflow_six_doors_small,
          grunt_dithmenos_smoke_and_mirrors, minmay_temple_entry_junction,
          serial_rivers, chequers_serial_rivers_micro_b,
          chequers_serial_rivers_large_b, chequers_serial_rivers_small_b,
          chequers_serial_rivers_small_a

Skill      XL: |  1  2  3  4  5  6  7 |
---------------+----------------------+-----
Dodging        | 2 |  2.5
Fire Magic     | 3 4 5 |  5.5
Spellcasting   | 3 4 5 |  5.5
Conjurations   | 2 3 4 |  4.1
Fighting       | |  0.1
Maces & Flails | |  0.1
Stealth        | |  1.7

Action                   |  1- 3 |  4- 6 |  7- 9 || total
-------------------------+-------+-------+-------++-------
Melee: Whip              |     9 |     8 |     3 ||    20
       Punch             |       |     2 |       ||     2
       Headbutt          |       |       |     1 ||     1
 Cast: Foxfire           |    53 |   111 |    44 ||   208
       Scorch            |     3 |    27 |     8 ||    38
Armor: Robe              |     3 |     5 |     2 ||    10
Dodge: Dodged            |    17 |    17 |    19 ||    53
Block: Other             |       |     3 |       ||     3

Table legend: (Time is in decaauts)
 A = Elapsed time spent in this place.
 B = Non-inter-level travel time spent in this place.
 C = Inter-level travel time spent in this place.
 D = Time resting spent in this place.
 E = Time spent auto-exploring this place.
 F = Levels seen in this place.
 G = Mean time per level.
                   A        B        C        D        E       F      G
               +--------+--------+--------+--------+--------+-----+--------+
         Total |   4595 |   4471 |    124 |     47 |   3628 |   6 |  765.8 |
       Dungeon |   4595 |   4471 |    124 |     47 |   3628 |   6 |  765.8 |
               +--------+--------+--------+--------+--------+-----+--------+

Top non-repeatable levels by time:
     D:3: 1408 daAuts
     D:2: 1147 daAuts
     D:1: 840 daAuts
     D:4: 829 daAuts
     D:5: 352 daAuts
     D:6: 16 daAuts
